 Dungeon Crawl Stone Soup version 0.32-a0-732-ga344392067 (webtiles) character file.

Game seed: 7832450921913914445

18 Aldia the Firebug (level 2, 0/23 HPs)
             Began as a Mountain Dwarf Fire Elementalist on Mar 16, 2024.
             Succumbed to an adder's poison
             ... on level 2 of the Dungeon.
             The game lasted 00:01:47 (816 turns).

Aldia the Firebug (Mountain Dwarf Fire Elementalist) Turns: 816, Time: 00:01:48

Health: 0/23       AC:  2    Str: 10    XL:     2   Next: 48%
Magic:  1/5        EV: 10    Int: 15    God:
Gold:   82         SH:  0    Dex: 10    Spells: 2/5 levels left

rFire   . . .        g - +0 dagger (freeze)
rCold   . . .        (no shield)
rNeg    . . .        a - +0 robe
rPois   .            (no helmet)
rElec   .            (no cloak)
rCorr   .            (no gloves)
SInv    .            (no boots)
Will    .....        (no amulet)
Stlth   ++           (no ring)
HPRegen 0.23/turn    (no ring)
MPRegen 0.09/turn

%: no passive effects
@: lethally poisoned (0 -> -5)
A: runic magic, artefact enchanting
a: no special abilities


You were on level 2 of the Dungeon.
You visited 1 branch of the dungeon, and saw 2 of its levels.

You collected 82 gold pieces.

Inventory:

Hand Weapons
 e - a +0 short sword
 g - a +0 dagger of freezing (weapon)
Armour
 a - a +0 robe (worn)
 d - a +0 chain mail
Scrolls
 c - a scroll of identify {unknown}
 f - a scroll of enchant armour {unknown}
 h - a scroll of revelation {unknown}
 i - 3 scrolls of fear {unknown}


   Skills:
 + Level 1.0 Fighting
 - Level 1.3 Dodging
 - Level 1.4 Stealth
 + Level 2.0 Spellcasting
 - Level 1.0 Conjurations
 * Level 4.1 Fire Magic


You had 2 spell levels left.
You knew the following spells:

 Your Spells              Type           Power      Damage    Failure   Level
a - Foxfire               Conj/Fire      36%        2x1d5     8%          1
b - Scorch                Fire           28%        2d6       6%          2

Your spell library contained the following spells:

 Spells                   Type           Power      Damage    Failure   Level
 Call Imp                 Summ           2%         N/A       32%         2
 Sublimation of Blood     Necr           1%         N/A       32%         2
 Inner Flame              Hex/Fire       7%         N/A       28%         3
 Volatile Blastmotes      Fire/Tloc      14%        2d11      28%         3
 Flame Wave               Conj/Fire      9%         2d6       58%         4
 Summon Hydra             Summ           0%         N/A       100%        7


Dungeon Overview and Level Annotations

Branches:
Dungeon (2/15)

Altars:


Innate Abilities, Weirdness & Mutations

Your spellcasting is much less encumbered by armour.
You can use scrolls of enchantment on lesser artefacts.


Message History

You are poisoned.
The adder poisons you! The jackal closely misses you.
You feel sick.
The foxfire hits the adder but does no damage.
The foxfire hits the adder.
The adder is lightly wounded.
The adder bites you.
You are more poisoned.
The adder poisons you! The jackal barely misses you.
You feel very sick. The adder attacks as it pursues you!
The adder barely misses you. The jackal closely misses you.
The adder bites you.
You feel sick. The jackal attacks as it pursues you!
The jackal barely misses you.
Your magical contamination has completely faded away.
You hit the jackal. You freeze the jackal.
You kill the jackal!
* * * LOW HITPOINT WARNING * * *
You feel sick. Magic courses through your body.
* * * LOW HITPOINT WARNING * * *
You feel sick. The adder closely misses you. The adder bites you.
* * * LOW HITPOINT WARNING * * *
You are more poisoned.
The adder poisons you!
Unknown command.
Casting: Foxfire (safe; 8% risk of failure)
Confirm with . or Enter, or press ? or * to list all spells.
Flames lash the adder.
The adder is almost dead.
The adder's fire resistance burns away.
* * * LOW HITPOINT WARNING * * *
You feel sick. The adder closely misses you.
Unknown command.
Unknown command.
Casting: Scorch (safe; 6% risk of failure)
Confirm with . or Enter, or press ? or * to list all spells.
Flames lash the adder.
The adder is burned terribly!
You kill the adder!
You die...

#...........#.....
####.##.#####..####
#.##.# ..
#.##.#######..
#.##........
#.....#####.
#........#
#.###.##.#
#.....##@#
########†#
.......w# ######†.#
#..# #..# ....
##..# ...#


You could see a ribbon worm.

Vanquished Creatures
  An adder (D:2)
  A ball python (D:1)
  2 endoplasms
  A giant cockroach (D:1)
  A goblin (D:1)
  A hobgoblin (D:1)
  3 jackals (D:2)
  2 bats (D:1)
  A frilled lizard (D:1)
  4 rats (D:1)
17 creatures vanquished.

Vanquished Creatures (others)
  30 foxfires
30 creatures vanquished.

Grand Total: 47 creatures vanquished

Notes
Turn   | Place    | Note
-------+----------+-------------------------------------------
     0 | D:1      | Aldia the Mountain Dwarf Fire Elementalist began the quest
                  | for the Orb.
     0 | D:1      | Reached XP level 1. HP: 14/14 MP: 3/3
   181 | D:1      | Reached skill level 1 in Conjurations
   314 | D:1      | Reached XP level 2. HP: 21/22 MP: 1/4
   317 | D:1      | Learned a level 2 spell: Scorch
   521 | D:1      | Reached skill level 4 in Fire Magic
   809 | D:2      | Reached skill level 1 in Fighting
   815 | D:2      | HP: 1/23 [poisoned by an adder]
   816 | D:2      | Succumbed to an adder's poison

Illustrated notes

Levels and vault maps discovered:
D:1:      lemuel_arrival_lava_pool, layout_basic, minmay_misc_feat_cross
D:2:      layout_basic, serial_shops, shop_coins, uniq_terence

Skill      XL: |  1  2 |
---------------+-------+-----
Conjurations   | 1 |  1.0
Spellcasting   | 2 |  2.0
Fire Magic     | 4 |  4.1
Fighting       | 1 |  1.0
Dodging        | |  1.3
Stealth        | |  1.4

Action                     || total
---------------------------++-------
  Melee: Unarmed           ||     5
         Short sword       ||     1
         Dagger            ||     6
   Cast: Foxfire           ||    17
         Scorch            ||     2
    Use: Potion            ||     1
 Armour: Robe              ||    22
  Dodge: Dodged            ||    20

Table legend: (Time is in decaauts)
 A = Elapsed time spent in this place.
 B = Non-inter-level travel time spent in this place.
 C = Inter-level travel time spent in this place.
 D = Time resting spent in this place.
 E = Time spent auto-exploring this place.
 F = Levels seen in this place.
 G = Mean time per level.
                   A        B        C        D        E       F      G
               +--------+--------+--------+--------+--------+-----+--------+
         Total |    814 |    794 |     20 |      0 |    639 |   2 |  407.0 |
       Dungeon |    814 |    794 |     20 |      0 |    639 |   2 |  407.0 |
               +--------+--------+--------+--------+--------+-----+--------+

Top non-repeatable levels by time:
     D:1: 727 daAuts
     D:2: 87 daAuts
